 Dungeon Crawl Stone Soup version 0.28.0-1-gb440e238dd (webtiles) character file.

Game seed: 1660171124113776929

39 spaghetti the Sneak (level 3, -1/31 HPs)
             Began as a Demigod Delver on Feb 19, 2022.
             Slain by a centaur skeleton (2 damage)
             ... on level 5 of the Dungeon.
             The game lasted 00:00:46 (123 turns).

spaghetti the Sneak (Demigod Delver)                 Turns: 123, Time: 00:00:47

Health: -1/31      AC:  3    Str: 17    XL:     3   Next: 13%
Magic:  5/5        EV: 12    Int: 12    God:
Gold:   20         SH:  0    Dex: 15    Spells: 2/2 levels left

rFire   . . .      SeeInvis .   a - +0 falchion
rCold   . . .      Faith    .   (no shield)
rNeg    . . .      Spirit   .   b - +0 leather armour
rPois   .          Reflect  .   (no helmet)
rElec   .          Harm     .   (no cloak)
rCorr   .          Rampage  .   (no gloves)
Will    .....                   (no boots)
Stlth   +++.......              (no amulet)
HPRegen 0.10/turn               (no ring)
MPRegen 0.09/turn               (no ring)

@: no status effects
A: high MP 1, forlorn, divine attributes
a: no special abilities


You were on level 5 of the Dungeon.
You visited 1 branch of the dungeon, and saw 2 of its levels.

You collected 20 gold pieces.

Inventory:

Hand Weapons
 a - a +0 falchion (weapon)
Armour
 b - a +0 leather armour (worn)
Wands
 g - a wand of digging (3)
Scrolls
 c - a scroll of fog
 d - a scroll of magic mapping
Potions
 f - a potion of haste


   Skills:
 - Level 3.1 Fighting
 + Level 2.2 Long Blades
 - Level 2.2 Dodging
 - Level 4.8 Stealth


You had 2 spell levels left.
You didn't know any spells.
Your spell library was empty.

Dungeon Overview and Level Annotations

Branches:
Dungeon (6/15)
 Temple: D:4-7


Innate Abilities, Weirdness & Mutations

You have an increased reservoir of magic. (+10% MP)
You shall have no god before yourself.
Your divine heritage dramatically boosts your attributes as you level up.


Message History

The centaur skeleton barely misses you.
The ogre prays for help.
The centaur skeleton hits you.
The centaur skeleton kicks you but does no damage.
You hit the centaur skeleton but do no damage.
The centaur skeleton hits you.
* * * LOW HITPOINT WARNING * * *
The centaur skeleton kicks you but does no damage.
You hit the centaur skeleton.
The centaur skeleton is lightly damaged.
The centaur skeleton hits you.
* * * LOW HITPOINT WARNING * * *
The centaur skeleton misses you. x2
The centaur skeleton closely misses you.
You hit the centaur skeleton.
The centaur skeleton is moderately damaged.
The centaur skeleton completely misses you.
The centaur skeleton barely misses you.
You hit the centaur skeleton.
The centaur skeleton is moderately damaged.
The centaur skeleton hits you.
* * * LOW HITPOINT WARNING * * *
The centaur skeleton barely misses you.
The ogre gives up.
The centaur skeleton hits you.
* * * LOW HITPOINT WARNING * * *
The centaur skeleton kicks you but does no damage.
The centaur skeleton closely misses you.
The centaur skeleton kicks you but does no damage.
You hit the centaur skeleton.
The centaur skeleton is heavily damaged.
The centaur skeleton closely misses you.
The centaur skeleton kicks you but does no damage.
You slash the centaur skeleton!
The centaur skeleton is severely damaged.
The centaur skeleton hits you.
* * * LOW HITPOINT WARNING * * *
The centaur skeleton kicks you but does no damage.
The centaur skeleton hits you.
You die...

#........#.# ##.#
...........# ##.#.#
.........#
#####.###.. #......#
#....## #... #.....#
#.###.## .###
#####.Z.## #.###..#.
#
#.......#####.......#
#..........>Z.###.###
.........#.####@# .#
.##........# #.# .#
....#....## ... .#
.####.#.... .....
#.......##...##
##############


You could see a centaur skeleton.

Vanquished Creatures
  A howler monkey (D:6)
1 creature vanquished.

Notes
Turn   | Place    | Note
-------+----------+-------------------------------------------
     0 | D:5      | spaghetti the Demigod Delver began the quest for the Orb.
     0 | D:5      | Reached XP level 1. HP: 18/18 MP: 3/3
    74 | D:6      | Noticed a howler monkey
    82 | D:6      | Killed a howler monkey
    83 | D:6      | Reached XP level 2. HP: 11/26 MP: 4/4
    83 | D:6      | Reached XP level 3. HP: 14/31 MP: 5/5
    89 | D:6      | Noticed an ogre
    92 | D:6      | Noticed an ice beast
   123 | D:5      | HP: 1/31 [centaur skeleton (4)]
   123 | D:5      | Slain by a centaur skeleton

Illustrated notes

Levels and vault maps discovered:
D:5:      kennysheep_six_static_rooms, layout_loops_ring,
          nicolae_uskayaw_en_pointe, uniq_menkaure
D:6:      layout_rooms, mainiacjoe_overflow_concentric_impassable,
          gup_ossuary_entry_pyramid

Skill      XL: |  1 |
---------------+----+-----
Fighting       | 3 |  3.1
Long Blades    | 2 |  2.2
Dodging        | 2 |  2.2
Stealth        | |  4.8

Action                   || total
-------------------------++-------
Melee: Falchion          ||    14
       Punch             ||     1
  Use: Scroll            ||     3
Armor: Leather armour    ||    11
Dodge: Dodged            ||    14
